 Dungeon Sprint DCSS version 0.28-a0-313-gbc0475efdd (webtiles) character file.

Game seed: 4240938945446784416

382 Ankalagon the Cleaver (level 6, -2/45 HPs)
             Began as a Hill Orc Fighter on Aug 31, 2021.
             Slain by a neqoxec (8 damage)
             ... in the Dungeon (Sprint II: "The Violet Keep of Menkaure").
             The game lasted 00:00:20 (47 turns).

Ankalagon the Cleaver (Hill Orc Fighter)              Turns: 47, Time: 00:00:20

Health: -2/45      AC:  3    Str: 19      XL:     6   Next: 76%
Magic:  6/6        EV:  8    Int:  1 (8)  God:
Gold:   0          SH: 11    Dex: 12      Spells: 5/5 levels left

rFire   . . .      SeeInvis .   a - +0 war axe
rCold   . . .      Faith    .   c - +0 kite shield
rNeg    . . .      Spirit   .   b - +0 scale mail
rPois   .          Reflect  .   (no helmet)
rElec   .          Harm     .   (no cloak)
rCorr   .          Rampage  .   (no gloves)
Will    .....      Rnd*Rage +   (no boots) Stlth ..........NoTele +
                                (no amulet)
HPRegen 0.15/turn               (no ring)
MPRegen 0.10/turn               (no ring)

@: on berserk cooldown, unable to read
A: berserk 1, deformed body, frail 1, inability to read while threatened
a: no special abilities


You were in the Dungeon.
You visited 1 branch

Inventory:

Hand Weapons
 a - a +0 war axe (weapon)
Armour
 b - a +0 scale mail (worn)
 c - a +0 kite shield (worn)
Scrolls
 j - a scroll of blinking
Potions
 d - a potion of might
 e - a potion of curing
 g - a potion of haste
 h - 2 potions of magic


   Skills:
 - Level 3.6 Fighting
 + Level 12.7 Axes
 - Level 3.2 Armour
 + Level 11.2 Shields


You had 5 spell levels left.
You didn't know any spells.
Your spell library was empty.

Dungeon Overview and Level Annotations

Branches:
Dungeon (1/1)

Altars:


Innate Abilities, Weirdness & Mutations

You tend to lose your temper in combat.
Armour fits poorly on your strangely shaped body.
You are frail. (-10% HP)
You sometimes lose the ability to read scrolls when taking damage.


Message History

You closely miss the neqoxec.
The neqoxec is severely wounded.
You block the neqoxec's attack.
The neqoxec hits you but does no damage.
You miss the neqoxec.
The neqoxec is severely wounded.
The neqoxec gestures at you.
Something tries to feed on your intellect!
You hit the neqoxec but do no damage.
The neqoxec is severely wounded.
You block the neqoxec's attack. x2
You closely miss the neqoxec.
The neqoxec is severely wounded.
You can read scrolls again.
The neqoxec gestures at you.
Strange energies course through your body.
You feel a little pissed off.
You closely miss the neqoxec.
The neqoxec is severely wounded.
You block the neqoxec's attack. x2
You hit the neqoxec.
The neqoxec is severely wounded.
The neqoxec hits you!
You feel threatened and lose the ability to read scrolls!
* * * LOW HITPOINT WARNING * * *
You hit the neqoxec.
The neqoxec is severely wounded.
You block the neqoxec's attack. The neqoxec gestures at you.
Strange energies course through your body.
Your body twists and deforms.
You hit the neqoxec but do no damage.
The neqoxec is severely wounded.
You feel yourself speed up. The neqoxec hits you!
* * * LOW HITPOINT WARNING * * *
You hit the neqoxec.
The neqoxec is almost dead.
The neqoxec hits you!
You die...

##
###
.##..
.$.
#3#
##@##
+.<.+
##.##
#+#


You could see a neqoxec.

Vanquished Creatures
  3 neqoxecs (D)
3 creatures vanquished.

Notes
Turn   | Place    | Note
-------+----------+-------------------------------------------
     0 | D        | Ankalagon the Hill Orc Fighter began the quest for the Orb.
     0 | D        | Reached XP level 1. HP: 19/19 MP: 1/1
     1 | D        | Noticed a neqoxec
     1 | D        | Noticed a neqoxec
     1 | D        | Noticed a neqoxec
     1 | D        | Noticed a neqoxec
     6 | D        | Killed a neqoxec
     7 | D        | Reached skill level 9 in Axes
     7 | D        | Reached XP level 2. HP: 26/26 MP: 2/2
     7 | D        | Reached XP level 3. HP: 31/31 MP: 3/3
     7 | D        | Reached XP level 4. HP: 39/39 MP: 4/4
     7 | D        | Reached XP level 5. HP: 45/45 MP: 5/5
    11 | D        | Killed a neqoxec
    12 | D        | Reached skill level 11 in Axes
    12 | D        | Reached skill level 10 in Shields
    12 | D        | Reached XP level 6. HP: 51/51 MP: 6/6
    19 | D        | Gained mutation: You are frail. (-10% HP) [a neqoxec]
    20 | D        | Gained mutation: You sometimes lose the ability to read
                  | scrolls when taking damage. [a neqoxec]
    25 | D        | Killed a neqoxec
    26 | D        | Reached skill level 12 in Axes
    42 | D        | Gained mutation: You tend to lose your temper in combat. [a
                  | neqoxec]
    45 | D        | Gained mutation: Armour fits poorly on your strangely
                  | shaped body. [a neqoxec]
    47 | D        | Slain by a neqoxec

Illustrated notes

Levels and vault maps discovered:
D:        the_violet_keep_of_menkaure [sprint2_stairs_cluster_1,
          sprint2_shoproom, sprint2_temple, sprint2_basic_supplies,
          sprint2_obstacle_5, sprint2_obstacle_2, sprint2_obstacle_1,
          sprint2_obstacle_4, sprint2_obstacle_3, sprint2_timed_cluster_1,
          sprint2_smallroom_cluster_1, sprint2_smallroom_final_cluster_1,
          sprint2_transparent_cluster_1, sprint2_second_timed_cluster_1,
          sprint2_sniper_area_1, sprint2_heavy_combat_area_1,
          sprint2_mutation_trap_area_1, sprint2_forest_area_1,
          sprint2_light_combat_area_1, sprint2_behind_water_1,
          sprint2_near_end_vault_1]

Skill      XL: |  1  2  3  4  5  6 |
---------------+-------------------+-----
Axes           | 9 11 12 | 12.7
Shields        | 8 10 11 | 11.2
Fighting       | |  3.6
Armour         | |  3.2

Action                   |  1- 3 |  4- 6 || total
-------------------------+-------+-------++-------
Melee: War axe           |     4 |    40 ||    44
  Use: Potion            |     1 |     1 ||     2
Armor: Scale mail        |       |     5 ||     5
Dodge: Dodged            |       |     6 ||     6
Block: Kite shield       |       |    13 ||    13

Table legend: (Time is in decaauts)
 A = Elapsed time spent in this place.
 B = Non-inter-level travel time spent in this place.
 C = Inter-level travel time spent in this place.
 D = Time resting spent in this place.
 E = Time spent auto-exploring this place.
 F = Levels seen in this place.
 G = Mean time per level.
                   A        B        C        D        E       F      G
               +--------+--------+--------+--------+--------+-----+--------+
         Total |     55 |     55 |      0 |      0 |      0 |   1 |   55.0 |
       Dungeon |     55 |     55 |      0 |      0 |      0 |   1 |   55.0 |
               +--------+--------+--------+--------+--------+-----+--------+

Top non-repeatable levels by time:
       D: 55 daAuts
